 Dungeon Crawl Stone Soup version 0.17-a0-2147-gfb20a63 (webtiles) character file.

30 M4edhros the Charlatan (level 3, 0/23 HPs)
             Began as an Octopode Artificer on Oct 24, 2015.
             Slain by a jackal (2 damage)
             ... on level 3 of the Dungeon.
             The game lasted 00:00:51 (567 turns).

M4edhros the Charlatan (Octopode Artificer)          Turns: 567, Time: 00:00:51

Health: 0/23       AC:  1    Str: 12    XL:     3   Next: 20%
Magic:  6/6        EV: 12    Int: 14    God:
Gold:   38         SH:  0    Dex: 13    Spells: 0 memorised, 2 levels left

rFire  . . .     SeeInvis .     a - +0 short sword
rCold  . . .     Clarity  .     (no shield)
rNeg   . . .     SustAt   .     (helmet restricted)
rPois  .         Gourm    .     (no amulet)
rElec  .         Spirit   .     i - +2 ring of strength
rCorr  .         Warding  .     l - ring of protection from magic
rMut   .         Stasis   .     (no ring)
MR     +....                    (no ring)
Stlth  +++.......               (no ring)
                                (no ring)
                                (no ring)
                                (no ring)

@: very slightly contaminated, somewhat resistant to hostile enchantments,
fairly stealthy
A: almost no armour, amphibious, 8 rings, constrict 8, camouflage 1, gelatinous
body 1
a: no special abilities


You were on level 3 of the Dungeon.
You were not hungry.

You visited 1 branch of the dungeon, and saw 3 of its levels.

You collected 38 gold pieces.

Inventory:

Hand Weapons
 a - a +0 short sword (weapon)
Jewellery
 i - a +2 ring of strength (left tentacle)
 l - a ring of protection from magic (right tentacle)
Wands
 b - a wand of flame (15)
 c - a wand of enslavement (15)
 d - a wand of random effects (15)
Scrolls
 g - 3 scrolls of identify {unknown}
 k - a scroll of remove curse {unknown}
 n - a scroll of teleportation {unknown}
Potions
 j - a potion of lignification {unknown}
Comestibles
 e - a bread ration
 m - a slice of pizza


   Skills:
 - Level 1.0 Fighting
 - Level 1.0 Short Blades
 - Level 2.0 Dodging
 - Level 1.3 Stealth
 + Level 4.6 Evocations


You had 2 spell levels left.
You didn't know any spells.

Dungeon Overview and Level Annotations

Branches:
Dungeon (3/15)

Altars:


Innate Abilities, Weirdness & Mutations

You cannot wear most types of armour.
You are amphibious.
You can wear up to eight rings at the same time.
You can use your tentacles to constrict eight enemies at once.
Your skin changes colour to match your surroundings (Stealth).
Your rubbery body absorbs attacks (AC +1).


Message History

You constrict the jackal, but do no damage.
The jackal bites you. x4
You hit the jackal.
You kill the jackal!
The quokka closely misses you.
The jackal bites you but does no damage.
You closely miss the quokka. You grab the quokka.
You constrict the quokka, but do no damage.
The jackal misses you. The quokka barely misses you. The jackal misses you.
You hit the quokka but do no damage. You squeeze the quokka.
The quokka is moderately wounded.
You constrict the quokka. The quokka misses you. The jackal bites you.
The jackal barely misses you. The quokka bites you.
* * * LOW HITPOINT WARNING * * *
You release your grip on the quokka.
The jackal barely misses you. The quokka bites you.
* * * LOW HITPOINT WARNING * * *
Found a ring mail.
The jackal bites you.
You die...

.........## ...#
..........###...#
#|.......#....<.
#.#.%†%.?.......
##......<.#......
................#
.........S.....S#
##.###.##r##.#.#
#.....@hh.# # #
...###.##†.# #.
#..# #. ....[ ##
#..### #?.# #..#
#...


You could see a quokka and 2 jackals.

Vanquished Creatures
  An ooze (D:3)
  A giant gecko (D:3)
  A ball python (D:1)
  2 giant cockroaches (D:2)
  A jackal (D:3)
  3 kobolds
  4 bats
  A giant newt (D:2)
  7 goblins
  4 rats
25 creatures vanquished.

Vanquished Creatures (others)
  5 toadstools (D:1)
5 creatures vanquished.

Grand Total: 30 creatures vanquished

Notes
Turn   | Place    | Note
--------------------------------------------------------------
     0 | D:1      | M4edhros the Octopode Artificer began the quest for the Orb.
     0 | D:1      | Reached XP level 1. HP: 13/13 MP: 3/3
   319 | D:1      | Reached XP level 2. HP: 18/18 MP: 4/4
   356 | D:2      | Reached skill level 4 in Evocations
   553 | D:3      | Reached XP level 3. HP: 16/23 MP: 6/6
   567 | D:3      | Slain by a jackal

Vault maps used:
D:1:      ldierk_walled_garden, bh_walls_and_bars
D:2:      minmay_misc_feat_square
D:3:      first_bread, nicolae_ru_sacrificial_ziggurat, uniq_grinder

Action                   || total
-------------------------++-------
Melee: Short sword       ||    62
  Use: Potion            ||     2
 Stab: Sleeping          ||     2
